 Dungeon Sprint DCSS version 0.22.1-2-g9c5b331 (webtiles) character file.

21 diana the Sneak (level 3, 0/21 HPs)
             Began as a Kobold Enchanter on Dec 22, 2018.
             Slain by a human (4 damage)
             ... in the Dungeon (Sprint III: "The Ten Rune Challenge").
             The game lasted 00:01:49 (322 turns).

diana the Sneak (Kobold Enchanter)                   Turns: 322, Time: 00:01:49

Health: 0/21       AC:  3    Str:  6    XL:     3   Next: 2%
Magic:  3/7        EV: 15    Int: 16    God:
Gold:   0          SH:  0    Dex: 15    Spells: 5/8 levels left

rFire    . . .     SeeInvis .   a - +1 dagger
rCold    . . .     Gourm    .   (shield restricted)
rNeg     . . .     Faith    .   b - +0 robe
rPois    .         Spirit   .   (no helmet)
rElec    .         Reflect  .   c - +0 cloak
rCorr    .         Harm     .   (no gloves)
MR       .....     NoTele   +   (no boots)
Stlth    +++.......             (no amulet)
HPRegen  0.07/turn              (no ring)
MPRegen  0.10/turn              (no ring)

@: berserk cooldown, slowed, very slow
A: small, carnivore
a: no special abilities


You were in the Dungeon.
You were not hungry.

You visited 1 branch

Inventory:

Hand Weapons
 a - a +1 dagger (weapon)
Armour
 b - a +0 robe (worn)
 c - a +0 cloak (worn)
Scrolls
 j - a scroll of blinking
Potions
 e - a potion of curing
 g - a potion of haste
 h - 2 potions of magic
 k - a potion of ambrosia {unknown}
Comestibles
 d - a ration


   Skills:
 + Level 2.0 Fighting
 + Level 3.1 Short Blades
 - Level 2.4 Dodging
 * Level 5.9 Stealth
 + Level 3.0 Spellcasting
 + Level 3.7 Hexes


You had 5 spell levels left.
You knew the following spells:

 Your Spells              Type           Power        Failure   Level  Hunger
a - Corona                Hex            ##.....      4%          1    #......
b - Ensorcelled Hibernat  Hex/Ice        #.....       13%         2    ##.....

Your spell library contained the following spells:

 Spells                   Type           Power        Failure   Level  Hunger
 Confuse                  Hex            ##......     12%         3    ###....
 Tukima's Dance           Hex            ##......     12%         3    ###....
 Dazzling Spray           Conj/Hex       #.....       26%         3    ###....


Dungeon Overview and Level Annotations

Branches:
Dungeon (1/1)

Altars:


Innate Abilities, Weirdness & Mutations

You are small and have problems with some larger weapons.
You are carnivorous and can eat meat at any time.


Message History

* * * LOW HITPOINT WARNING * * *
You hit the human.
The human is almost dead.
The human barely misses you.
You barely miss the human.
The human is almost dead.
The human closely misses you.
You hit the human but do no damage.
The human is almost dead.
The human misses you. The human hits you but does no damage.
You closely miss the human.
The human is almost dead.
The human barely misses you.
You hit the human.
The human is almost dead.
The human hits you but does no damage.
You hit the human but do no damage.
The human is almost dead.
The human hits you.
You die...

▓.....#....≈♣♣♣♣♣
▓.....#...≈≈♣....
▓....†#..≈≈≈≈....
▓####'#..≈≈≈≈≈≈.♣
▓...†.#.≈≈≈≈≈≈...
▓.....#.≈≈≈≈≈....
▓.....#.≈≈≈......
▓'#####..........
▓.....@p.........
▓▓▓▓▓▓▓▓▓▓▓▓▓▓▓▓▓


You could see a human.

Vanquished Creatures
  A wolf (D)
  An ooze (D)
  3 rats (D)
5 creatures vanquished.

Vanquished Creatures (others)
  2 draconian scorchers (D)
  6 hellions (D)
  3 plants (D)
11 creatures vanquished.

Grand Total: 16 creatures vanquished

Notes
Turn   | Place    | Note
-------+----------+-------------------------------------------
     0 | D        | diana the Kobold Enchanter began the quest for the Orb.
     0 | D        | Reached XP level 1. HP: 10/10 MP: 3/3
    10 | D        | Reached skill level 1 in Fighting
    87 | D        | Reached skill level 5 in Stealth
    87 | D        | Reached XP level 2. HP: 10/16 MP: 5/5
   104 | D        | Killed a hellion
   104 | D        | Killed a hellion
   104 | D        | Killed a hellion
   105 | D        | Killed a hellion
   214 | D        | Killed a hellion
   221 | D        | Killed a white draconian scorcher
   232 | D        | Killed a white draconian scorcher
   272 | D        | Learned a level 2 spell: Ensorcelled Hibernation
   274 | D        | Killed a hellion
   296 | D        | Reached XP level 3. HP: 13/21 MP: 2/7
   322 | D        | Slain by a human

Skill      XL: |  1  2 |
---------------+-------+-----
Fighting       | 1 2 |  2.0
Short Blades   | 2 3 |  3.1
Stealth        | 5 |  5.9
Spellcasting   | 3 |  3.0
Dodging        | |  2.4
Hexes          | |  3.7

Action                   || total
-------------------------++-------
Melee: Dagger            ||    51
 Cast: Ensorcelled Hiber ||     3
  Use: Potion            ||     2
Armor: Robe              ||     6
Dodge: Dodged            ||    40
